 Dungeon Crawl Stone Soup version 0.23.2-1-ga50397a (webtiles) character file.

Game seed: 14472718449642076983

239 davaitedunem the Cleaver (level 6, -2/51 HPs)
             Began as a Hill Orc Fighter on May 13, 2019.
             Killed from afar by Sigmund (6 damage)
             ... with a magic dart
             ... on level 4 of the Dungeon.
             The game lasted 00:10:03 (2682 turns).

davaitedunem the Cleaver (Hill Orc Fighter)         Turns: 2682, Time: 00:10:04

Health: -2/51      AC:  8    Str: 21    XL:     6   Next: 7%
Magic:  6/6        EV:  7    Int:  8    God:
Gold:   95         SH: 14    Dex: 10    Spells: 5/5 levels left

rFire    . . .     SeeInvis .   a - +0 war axe
rCold    . . .     Gourm    .   c - +0 shield
rNeg     . . .     Faith    .   b - +0 scale mail
rPois    .         Spirit   .   (no helmet)
rElec    .         Reflect  +   (no cloak)
rCorr    .         Harm     .   p - +0 pair of gloves
MR       .....                  (no boots)
Stlth    ..........             n - +5 amulet of reflection
HPRegen  0.17/turn              (no ring)
MPRegen  0.10/turn              (no ring)

@: no status effects
A: no striking features
a: no special abilities


You were on level 4 of the Dungeon.
You were very hungry.

You visited 1 branch of the dungeon, and saw 4 of its levels.

You collected 95 gold pieces.

Inventory:

Hand Weapons
 a - a +0 war axe (weapon)
Armour
 b - a +0 scale mail (worn)
 c - a +0 shield (worn)
 o - a +2 leather armour of cold resistance
 p - a +0 pair of gloves (worn)
Jewellery
 n - a +5 amulet of reflection (around neck)
Wands
 d - a wand of polymorph (7)
Scrolls
 e - 2 scrolls of magic mapping {unknown}
 h - 2 scrolls of teleportation {unknown}
 i - 3 scrolls of identify {unknown}
 j - a scroll of enchant armour {unknown}
 q - 3 scrolls of remove curse {unknown}
 r - a scroll of immolation
Potions
 l - a potion of degeneration {unknown}
 s - a potion of flight
 t - a potion of mutation {unknown}
Comestibles
 f - 5 rations
 u - 2 chunks of flesh


   Skills:
 - Level 3.6 Fighting
 + Level 8.1 Axes
 - Level 3.2 Armour
 - Level 3.2 Shields


You had 5 spell levels left.
You didn't know any spells.
Your spell library contained the following spells:

 Spells                   Type           Power        Failure   Level  Hunger
 Animate Skeleton         Necr           N/A          99%         1    ##.....


Dungeon Overview and Level Annotations

Branches:
Dungeon (4/15)
 Temple: D:4-7

Altars:
Dithmenos
Kikubaaqudgha
Qazlal
Sif Muna
Vehumet
Wu Jian
Xom
Zin

Annotations:
D:4 Sigmund


Message History

You closely miss something. Something hits you.
* * * LOW HITPOINT WARNING * * *
You miss something.
You are feeling very hungry.
Something hits you but does no damage.
You closely miss something. Something hits you but does no damage.
You miss something. You completely miss something.
You hear some strange, mumbled words.
A magic dart appears from out of thin air!
The magic dart hits you!
* * * LOW HITPOINT WARNING * * *
You miss something. Something hits you but does no damage.
You miss something. Something hits you but does no damage.
You slash something! Something hits you but does no damage.
You barely miss something.
You hear some strange, mumbled words.
A magic dart appears from out of thin air!
The magic dart hits you.
You die...

#.### ....#
#.#.# # #.#.#
#.#.#.#
#.#<#.#### #####
#.....##.###...#
###.###........#
#.?@{..###...#
########
##.####.###
#.........
#)######## #g#
##@## .#####.$.#
.......).#
....%)..%#


There were no monsters in sight!

Vanquished Creatures
  An orc wizard (D:4)
  Ijyb (D:3)
  Terence (D:3)
  A worker ant (D:2)
  A hound skeleton (D:3)
  2 adders
  A shadow imp (D:3)
  4 worms
  A dart slug (D:1)
  4 leopard geckos
  4 orcs (D:4)
  4 bats
  A bat skeleton (D:2)
  2 bat zombies (D:2)
  8 giant cockroaches
  7 goblins
  5 hobgoblins
  9 jackals
  7 kobolds
  2 quokkas
  A ball python (D:1)
  A frilled lizard (D:1)
  A quokka skeleton (D:2)
  4 rats
73 creatures vanquished.

Notes
Turn   | Place    | Note
-------+----------+-------------------------------------------
     0 | D:1      | davaitedunem the Hill Orc Fighter began the quest for the
                  | Orb.
     0 | D:1      | Reached XP level 1. HP: 19/19 MP: 1/1
    35 | D:1      | Reached skill level 3 in Axes
   141 | D:1      | Reached XP level 2. HP: 26/26 MP: 2/2
   186 | D:1      | Reached skill level 4 in Axes
   452 | D:1      | Reached XP level 3. HP: 31/31 MP: 3/3
   663 | D:2      | Reached skill level 5 in Axes
   710 | D:2      | Found a shimmering altar of Xom.
   710 | D:2      | Noticed an angel
   711 | D:2      | Found a glowing silver altar of Zin.
   760 | D:2      | Found a shadowy altar of Dithmenos.
   997 | D:2      | Reached XP level 4. HP: 38/39 MP: 4/4
  1184 | D:2      | Reached skill level 6 in Axes
  1720 | D:3      | Found a radiant altar of Vehumet.
  1725 | D:3      | Found an ancient bone altar of Kikubaaqudgha.
  1726 | D:3      | Found a deep blue altar of Sif Muna.
  1731 | D:3      | Identified Kikubaaqudgha's Volume of Black Magic
  1793 | D:3      | Reached XP level 5. HP: 42/45 MP: 5/5
  1934 | D:3      | Reached skill level 7 in Axes
  2030 | D:3      | Noticed Terence
  2045 | D:3      | Killed Terence
  2063 | D:3      | Noticed Ijyb
  2078 | D:3      | Killed Ijyb
  2427 | D:3      | Found an ornate altar of the Wu Jian Council.
  2631 | D:4      | Found a stormy altar of Qazlal.
  2643 | D:4      | Noticed Sigmund
  2646 | D:4      | Reached skill level 8 in Axes
  2646 | D:4      | Reached XP level 6. HP: 17/51 MP: 6/6
  2682 | D:4      | Killed from afar by Sigmund

Skill      XL: |  1  2  3  4  5 |
---------------+----------------+-----
Axes           | 3 4 5 6 8 |  8.1
Fighting       | |  3.6
Armour         | |  3.2
Shields        | |  3.2

Action                   |  1- 3 |  4- 6 || total
-------------------------+-------+-------++-------
Melee: War axe           |   109 |   125 ||   234
Throw: Javelin           |       |     6 ||     6
  Use: Potion            |       |     4 ||     4
       Scroll            |       |     1 ||     1
  Eat: Chunk             |       |     5 ||     5
Armor: Scale mail        |    58 |    38 ||    96
Dodge: Dodged            |    48 |    24 ||    72
Block: Shield            |    60 |    68 ||   128
